 Dungeon Crawl Stone Soup version 0.20.0-10-g0535bb4 (webtiles) character file.

431 Soyweiser the Conjurer (level 6, -2/43 HPs)
             Began as a Mummy Conjurer on June 7, 2017.
             Slain by an orc wizard
             ... wielding a +0 dagger
              (3 damage)
             ... on level 4 of the Dungeon.
             The game lasted 00:22:35 (5442 turns).

Soyweiser the Conjurer (Mummy Conjurer)             Turns: 5442, Time: 00:22:36

Health: -2/43      AC:  4    Str: 11    XL:     6   Next: 66%
Magic:  0/12       EV: 13    Int: 16    God:
Gold:   172        SH:  0    Dex: 13    Spells: 3/13 levels left

rFire    x x .     SeeInvis .   c - +1 dagger
rCold    + + .     Gourm    .   (no shield)
rNeg     + + +     Faith    .   a - +0 robe
rPois    ∞         Spirit   .   j - +2 hat
rElec    .         Reflect  .   (no cloak)
rCorr    .         Harm     .   (no gloves)
MR       .....                  (no boots)
Stlth    ++........             (no amulet)
Regen    0.2/turn               n - ring of ice
MPRegen  0.2/turn               (no ring)

@: no status effects
A: no food or potions, fire vulnerability, cold resistance 1, negative energy
resistance 3, torment resistance, unbreathing
a: no special abilities


You were on level 4 of the Dungeon.
You were not hungry.

You visited 1 branch of the dungeon, and saw 5 of its levels.

You collected 172 gold pieces.

Inventory:

Hand Weapons
 c - a +1 dagger (weapon)
 e - a +0 flail of crushing
 g - a +0 blowgun
Missiles
 f - 39 stones (quivered)
 h - 2 silver tomahawks
 l - 9 poisoned needles
Armour
 a - a +0 robe (worn)
 j - a +2 hat (worn)
 k - a +1 ring mail of magic resistance
Jewellery
 n - a ring of ice (left hand)
Scrolls
 d - a scroll of identify
 i - 2 scrolls of magic mapping
 m - a scroll of remove curse {unknown}
Books
 b - a book of Conjurations

   Spells                             Type                      Level
   a - Magic Dart                     Conjuration                  1
   b - Searing Ray                    Conjuration                  2
   c - Dazzling Spray                 Conjuration/Hexes            3
   d - Fulminant Prism                Conjuration/Hexes            4
   e - Force Lance                    Conjuration/Translocation    4
   f - Iskenderun's Mystic Blast      Conjuration                  4


   Skills:
 + Level 1.1 Fighting
 + Level 2.7 Dodging
 + Level 3.0 Stealth
 - Level 4.0 Spellcasting
 * Level 4.7 Conjurations
 + Level 1.9 Hexes


You had 3 spell levels left.
You knew the following spells:

 Your Spells              Type           Power        Failure   Level  Hunger
a - Magic Dart            Conj           ###.         2%          1    N/A
b - Searing Ray           Conj           ###...       3%          2    N/A
c - Dazzling Spray        Conj/Hex       ##....       13%         3    N/A
d - Iskenderun's Mystic   Conj           ###.....     24%         4    N/A

Dungeon Overview and Level Annotations

Branches:
Dungeon (5/15)
 Temple: D:4-7

Altars:


Innate Abilities, Weirdness & Mutations

You do not eat or drink.
Your flesh is vulnerable to fire.
You are immune to poison.
Your flesh is cold resistant. (rC+)
You are immune to negative energy. (rN+++)
You are immune to unholy pain and torment.
You can survive without breathing.


Message History

You barely miss something.
Something hits you but does no damage. x2
Unknown command.
Casting: Searing Ray
Confirm with . or Enter, or press ? or * to list all spells.
You can't see any susceptible monsters within range! (Use Z to cast anyway.)
Casting: Searing Ray
Confirm with . or Enter, or press ? or * to list all spells.
Aiming: Searing Ray
Press: ? - help, Shift-Dir - straight line The searing ray hits something. (Press . to maintain the ray.)
Something hits you.
* * * LOW HITPOINT WARNING * * *
The searing ray hits something.
You hear some strange, mumbled words.
A magic dart appears from out of thin air!
The magic dart hits you!
* * * LOW HITPOINT WARNING * * *
Something hits you.
You die...

.....#######.##### .# ...
#.....####.# .
##.........##
###........# #.##).##.#
#.###.<... ###.###.....
##############...##......
........@{)......).......
###########...#####......
##)### #...... ####
####### #..# #......
.....##.>...###.##
#...... ........o.......#
##..... .............o###
#.... o.............#
#### ..............#


There were no monsters in sight!

Vanquished Creatures
  An ogre (D:4)
  An orc priest (D:4)
  Terence (D:3)
  An iguana (D:3)
  3 orc wizards (D:4)
  6 adders
  2 oozes
  3 worms
  4 dart slugs
  3 leopard geckos
  12 orcs
  4 giant cockroaches
  10 goblins
  13 hobgoblins
  2 jackals (D:3)
  9 kobolds
  2 quokkas (D:3)
  A ball python (D:2)
  7 bats
  3 frilled lizards
  A leopard gecko skeleton (D:4)
  6 rats
95 creatures vanquished.

Notes
Turn   | Place    | Note
-------+----------+-------------------------------------------
     0 | D:1      | Soyweiser the Mummy Conjurer began the quest for the Orb.
     0 | D:1      | Reached XP level 1. HP: 13/13 MP: 4/4
   452 | D:1      | Reached XP level 2. HP: 19/19 MP: 0/6
   513 | D:1      | Learned a level 2 spell: Searing Ray
  1169 | D:1      | Reached XP level 3. HP: 21/24 MP: 4/7
  1174 | D:1      | Learned a level 3 spell: Dazzling Spray
  2120 | D:2      | Reached XP level 4. HP: 26/30 MP: 1/9
  3623 | D:3      | Reached skill level 1 in Hexes
  3623 | D:3      | Reached XP level 5. HP: 11/35 MP: 2/10
  3630 | D:3      | Learned a level 4 spell: Iskenderun's Mystic Blast
  4831 | D:3      | Noticed Terence
  4914 | D:3      | Killed Terence
  5130 | D:4      | Reached XP level 6. HP: 37/41 MP: 1/12
  5328 | D:5      | Entered Level 5 of the Dungeon
  5424 | D:4      | Reached skill level 1 in Fighting
  5442 | D:4      | HP: 1/43 [something/magic dart (7)]
  5442 | D:4      | Slain by an orc wizard

Skill      XL: |  1  2  3  4  5  6 |
---------------+-------------------+-----
Spellcasting   | 3 4 |  4.0
Stealth        | 2 3 |  3.0
Conjurations   | 4 |  4.7
Dodging        | 2 |  2.7
Hexes          | 1 |  1.9
Fighting       | 1 |  1.1

Action                   |  1- 3 |  4- 6 || total
-------------------------+-------+-------++-------
Melee: Unarmed           |    22 |       ||    22
       Dagger            |    12 |    36 ||    48
Throw: Stone             |     4 |    17 ||    21
 Cast: Magic Dart        |    70 |    90 ||   160
       Searing Ray       |    12 |    33 ||    45
       Dazzling Spray    |       |     1 ||     1
  Use: Scroll            |       |     8 ||     8
Armor: Robe              |    13 |    16 ||    29
Dodge: Dodged            |    37 |    43 ||    80
